 Dungeon Crawl Stone Soup version 0.29-a0-821-g66395355a5 (webtiles) character file.

Game seed: 12517035699830359475

66 IdlyInterested the Cudgeller (level 3, 0/29 HPs)
             Began as a Demonspawn Fighter on July 7, 2022.
             Slain by a gnoll
             ... wielding a +0 flail
              (9 damage)
             ... on level 2 of the Dungeon.
             The game lasted 00:02:54 (1495 turns).

IdlyInterested the Cudgeller (Demonspawn Fighter)   Turns: 1495, Time: 00:02:54

Health: 0/29       AC:  9    Str: 16    XL:     3   Next: 96%
Magic:  3/3        EV:  9    Int:  9    God:
Gold:   99         SH:  8    Dex: 14    Spells: 2/2 levels left

rFire   . . .      SeeInvis .   a - +1 flail
rCold   . . .      Faith    .   c - +0 buckler
rNeg    + . .      Spirit   .   b - +0 scale mail
rPois   .          Reflect  .   (no helmet)
rElec   .          Harm     .   i - +0 cloak
rCorr   .          Rampage  .   (no gloves)
Will    .....                   (no boots)
Stlth   ..........              (no amulet)
HPRegen 0.09/turn               l - ring of positive energy
MPRegen 0.16/turn               (no ring)

@: mighty
A: thin metallic scales 1, magic regeneration, large bone plates 1
a: no special abilities


You were on level 2 of the Dungeon.
You visited 1 branch of the dungeon, and saw 2 of its levels.

You collected 99 gold pieces.

Inventory:

Hand Weapons
 a - a +1 flail (weapon)
Armour
 b - a +0 scale mail (worn)
 c - a +0 buckler (worn)
 g - a scarf of invisibility
 i - a +0 cloak (worn)
Jewellery
 l - a ring of positive energy (left hand)
Scrolls
 e - a scroll of teleportation {unknown}
 j - a scroll of immolation {unknown}
 k - a scroll of torment {unknown}
Potions
 f - a potion of magic
 h - a potion of ambrosia
 m - a potion of brilliance


   Skills:
 - Level 3.0 Fighting
 * Level 3.3 Maces & Flails
 - Level 3.0 Armour
 + Level 1.1 Dodging
 - Level 2.6 Shields


You had 2 spell levels left.
You didn't know any spells.
Your spell library contained the following spells:

 Spells                   Type           Power      Damage    Failure   Level
 Magic Dart               Conj           0%         1d3       88%         1
 Sting                    Tmut/Pois      0%         1d3       88%         1
 Searing Ray              Conj           0%         2d4       96%         2
 Dazzling Flash           Conj/Hex       0%         N/A       99%         3
 Fulminant Prism          Conj/Hex       0%         3d6       100%        4
 Agony                    Necr           0%         N/A       100%        5
 Silence                  Hex/Air        0%         N/A       100%        5


Dungeon Overview and Level Annotations

Branches:
Dungeon (2/15)

Altars:


Innate Abilities, Weirdness & Mutations

You are partially covered in thin metallic scales. (AC +2)
You regenerate magic rapidly.
You are partially covered in large bone plates. (SH +4)


Message History

A gnoll comes into view. It is wielding a +0 spear.
The gnoll shouts!
A gnoll comes into view. It is wielding a +0 spear.
The gnoll shouts!
A gnoll comes into view. It is wielding a +0 spear.
A gnoll comes into view. It is wielding a +0 flail.
The gnoll shouts!
You hear a shout!
You block the gnoll's attack.
You hit the gnoll.
The gnoll is moderately wounded.
The gnoll hits you but does no damage. You block the gnoll's attack.
You sock the gnoll!
The gnoll is almost dead.
The gnoll hits you from afar with a +0 spear.
The gnoll hits you with a +0 spear.
You barely miss the gnoll.
The gnoll is almost dead.
You block the gnoll's attack. The gnoll hits you with a +0 spear.
You block the gnoll's attack. The gnoll hits you but does no damage.
You closely miss the gnoll.
The gnoll is almost dead.
The gnoll hits you but does no damage. The gnoll hits you with a +0 spear.
You feel very mighty all of a sudden.
The gnoll hits you from afar with a +0 spear.
The gnoll hits you but does no damage.
You hit the gnoll.
You kill the gnoll!
The gnoll hits you but does no damage.
Your Dodging skill increases to level 1!
You block the gnoll's attack.
The gnoll hits you from afar with a +0 spear.
* * * LOW HITPOINT WARNING * * *
Things that are here:
a +0 spear; a gnoll corpse You sock the gnoll!
You kill the gnoll!
You block the gnoll's attack. The gnoll closely misses you.
The gnoll barely misses you.
You closely miss the gnoll. The gnoll hits you with a +0 flail!
You die... ... # ##### . ### #. ...# gg.

#.###.####g....
#..............
#.#.#..###.....
#.....g# #.#
#...##g# #
#...##@# #.
###..###.# #.#
#........# . ..
#..#.##..# ..#
### #..#.##..#
...###..
#..#..#..#
.....#
#..##.#..# .
#.##..#
#..##.#..# .
#.##...
#........#
#.#.....#


You could see 2 gnolls.

Vanquished Creatures
  2 gnolls (D:2)
  An adder (D:2)
  2 dart slugs
  6 ball pythons
  4 endoplasms (D:1)
  2 goblins (D:1)
  6 hobgoblins
  2 jackals (D:2)
  2 quokkas
  3 bats
  A frilled lizard (D:1)
  2 kobolds
33 creatures vanquished.

Notes
Turn   | Place    | Note
-------+----------+-------------------------------------------
     0 | D:1      | IdlyInterested the Demonspawn Fighter began the quest for
                  | the Orb.
     0 | D:1      | Reached XP level 1. HP: 18/18 MP: 1/1
   386 | D:1      | Gained mutation: You regenerate magic rapidly. [demonic
                  | ancestry]
   386 | D:1      | Reached XP level 2. HP: 24/24 MP: 2/2
  1048 | D:1      | Gained mutation: You are partially covered in large bone
                  | plates. (SH +4) [potion of mutation]
  1195 | D:2      | Gained mutation: You are partially covered in thin metallic
                  | scales. (AC +2) [demonic ancestry]
  1195 | D:2      | Reached XP level 3. HP: 28/29 MP: 3/3
  1234 | D:2      | Found a faded altar of an unknown god.
  1251 | D:2      | Got Plato's Quarto of the Figure
  1493 | D:2      | Reached skill level 1 in Dodging
  1495 | D:2      | Slain by a gnoll

Illustrated notes

Levels and vault maps discovered:
D:1:      minmay_arrival_wavy_path, layout_basic, serial_bayou_crossing
D:2:      minmay_chambers_of_twos, layout_loops_cross, basic_altar,
          shapermc_ecumenical_altar_rom_forum

Skill      XL: |  1  2  3 |
---------------+----------+-----
Maces & Flails | 2 3 |  3.3
Armour         | 3 |  3.0
Dodging        | 1 |  1.1
Fighting       | |  3.0
Shields        | |  2.6

Action                   || total
-------------------------++-------
Melee: Flail             ||    96
  Use: Potion            ||     7
       Scroll            ||     3
Armor: Scale mail        ||    45
Dodge: Dodged            ||    35
Block: Buckler           ||    29

Table legend: (Time is in decaauts)
 A = Elapsed time spent in this place.
 B = Non-inter-level travel time spent in this place.
 C = Inter-level travel time spent in this place.
 D = Time resting spent in this place.
 E = Time spent auto-exploring this place.
 F = Levels seen in this place.
 G = Mean time per level.
                   A        B        C        D        E       F      G
               +--------+--------+--------+--------+--------+-----+--------+
         Total |   1532 |   1484 |     48 |    206 |    951 |   2 |  766.0 |
       Dungeon |   1532 |   1484 |     48 |    206 |    951 |   2 |  766.0 |
               +--------+--------+--------+--------+--------+-----+--------+

Top non-repeatable levels by time:
     D:1: 1134 daAuts
     D:2: 397 daAuts
